 Dungeon Crawl Stone Soup version 0.26.1-11-gd32895ea62 (webtiles) character file.

Game seed: 7659511103117730035

47190 Ethylacetat the Earth Mage (level 14, -11/132 HPs)
             Began as a Gargoyle Earth Elementalist on June 7, 2021.
             Was a High Priest of Vehumet.
             Hit by a silver javelin thrown by a minotaur (27 damage)
             ... in a Gauntlet.
             The game lasted 02:55:44 (20576 turns).

Ethylacetat the Earth Mage (GrEE)                  Turns: 20576, Time: 02:55:45

Health: -11/132    AC: 27    Str: 13    XL:     14   Next: 40%
Magic:  23/39      EV:  2    Int: 20    God:    Vehumet [*****.]
Gold:   1345       SH:  0    Dex: 16    Spells: 27/38 levels left

rFire    . . .     SeeInvis .   I - +10 trident "Jukhint" {flame, rElec Dex+6}
rCold    . . .     Faith    .   (no shield)
rNeg     + + +     Spirit   .   (armour currently unavailable)
rPois    ∞         Reflect  .   (helmet currently unavailable)
rElec    +         Harm     .   (cloak currently unavailable)
rCorr    .         Rampage  .   (gloves currently unavailable)
Will     +....     NoTele   +   (boots currently unavailable)
Stlth    ++........             (no amulet)
HPRegen  0.32/turn              A - +4 ring of slaying
MPRegen  0.26/turn              e - ring of magical power

@: tree-form
A: negative energy resistance 1, petrification resistance, miasma immunity, AC
+10
a: Renounce Religion


You were in a Gauntlet.
You worshipped Vehumet.
Vehumet was extremely pleased with you.
You were a tree.
You visited 3 branches of the dungeon, and saw 18 of its levels.
You also visited: Sewer, Ossuary and Gauntlet.

You collected 1345 gold pieces.

Inventory:

Hand Weapons
 I - the +10 trident "Jukhint" (weapon) {flame, rElec Dex+6}
   (You found it on level 8 of the Dungeon)

   It has been specially enchanted to burn those struck by it, causing extra
   injury to most foes and up to half again as much damage against particularly
   susceptible opponents.
   It affects your dexterity (+6).
   It insulates you from electricity.
Missiles
 F - 281 stones
Armour
 u - the +2 robe of the Ninety-Nine Coins (melded) {rCorr}
   (You found it on level 11 of the Dungeon)

   It provides partial protection from all sources of acid and corrosion.
 O - the +1 pair of boots of Impermeability (melded) {Dex+5}
   (You found it in a Gauntlet)

   It affects your dexterity (+5).
Magical Staves
 M - an uncursed staff of earth
Jewellery
 c - an uncursed ring of positive energy
 e - a ring of magical power (right branch)
 x - an uncursed ring of protection from cold
 A - a +4 ring of slaying (left branch)
 P - a cursed +4 ring of protection {unknown}
 Q - the ring of Fakhlaer {*Tele Int+2}
   (You found it in a Gauntlet)

   [ring of teleportation]

   It may teleport you next to monsters.
   It affects your intelligence (+2).
Wands
 b - a wand of paralysis (8)
 d - a wand of polymorph (23)
 p - a wand of digging (9)
 v - a wand of random effects (28)
 y - a wand of enslavement (9)
 E - a wand of disintegration (22)
Scrolls
 h - 6 scrolls of magic mapping
 i - a scroll of enchant weapon
 j - a scroll of immolation
 r - 8 scrolls of teleportation
 s - 3 scrolls of fog
 w - 2 scrolls of silence
 C - 4 scrolls of remove curse
 G - 4 scrolls of fear
 J - 4 scrolls of summoning
 K - a scroll of holy word {unknown}
 L - 4 scrolls of identify
 N - a scroll of amnesia
Potions
 a - a potion of ambrosia {unknown}
 f - 5 potions of curing
 g - 2 potions of magic
 l - 5 potions of haste
 m - 5 potions of lignification
 n - 3 potions of mutation {unknown}
 o - 3 potions of cancellation {unknown}
 q - 2 potions of flight
 t - 2 potions of might {unknown}
 z - a potion of invisibility {unknown}
 B - a potion of berserk rage {unknown}
 D - 2 potions of resistance
 H - a potion of brilliance {unknown}


   Skills:
 - Level 10.0 Fighting
 - Level 6.0 Polearms
 - Level 1.7 Dodging
 - Level 2.1 Stealth
 + Level 12.5 Spellcasting
 + Level 9.0 Conjurations
 - Level 0.7 Transmutations
 * Level 17.5 Earth Magic


You had 27 spell levels left.
You knew the following spells:

 Your Spells              Type           Power        Failure   Level
a - Sandblast             Erth           100%         0%          1
b - Stone Arrow           Conj/Erth      100%         1%          3
c - Lee's Rapid Deconstr  Erth           35%          1%          5
d - Blink                 Tloc           N/A          9%          2

Your spell library contained the following spells:

 Spells                   Type           Power        Failure   Level
 Conjure Ball Lightning   Conj/Air       15%          32%         6
 Magic Dart               Conj           100%         1%          1
 Passwall                 Tmut/Erth      40%          1%          2
 Conjure Flame            Conj/Fire      30%          1%          3
 Mephitic Cloud           Conj/Pois/Air  24%          1%          3
 Petrify                  Tmut/Erth      49%          1%          4
 Sting                    Tmut/Pois      52%          4%          1
 Ignite Poison            Fire/Tmut/Pois 13%          4%          3
 Animate Skeleton         Necr           24%          5%          1
 Apportation              Tloc           24%          5%          1
 Corona                   Hex            13%          5%          1
 Summon Small Mammal      Summ           48%          5%          1
 Irradiate                Conj/Tmut      16%          5%          5
 Call Imp                 Summ           12%          9%          2
 Poisonous Vapours        Pois/Air       24%          9%          2
 Slow                     Hex            12%          9%          2
 Olgreb's Toxic Radiance  Pois           12%          14%         4
 Confusing Touch          Hex            12%          16%         3
 Gell's Gravitas          Tloc           6%           16%         3
 Yara's Violent Unravell  Hex/Tmut       6%           32%         5
 Alistair's Intoxication  Tmut/Pois      8%           78%         5
 Metabolic Englaciation   Hex/Ice        6%           83%         5
 Eringya's Noxious Bog    Tmut/Pois      6%           83%         6
 Sublimation of Blood     Necr           Unusable     N/A         2

Dungeon Overview and Level Annotations

Branches:
Dungeon (11/15)            Temple (1/1) D:4            Lair (6/6) D:9
  Swamp (0/4) Lair:4       Spider (0/4) Lair:2        Slime (0/5) Lair:5
    Orc (0/2) D:9           Sewer (visited)         Ossuary (visited)
Gauntlet (1/1)

Altars:
Ashenzari
Cheibriados
Dithmenos
Elyvilon
Fedhas
Gozag
Hepliaklqana
Kikubaaqudgha
Makhleb
Nemelex Xobeh
Okawaru
Qazlal
Ru
Sif Muna
Trog
Uskayaw
Vehumet
Wu Jian
Xom
Yredelemnul
Zin
The Shining One
Jiyva

Annotations:
Gauntlet 10 transporters, 21 runed translucent doors, exclusion: obsidian statue


Innate Abilities, Weirdness & Mutations

You are resistant to torment.
((Your stone body is resilient. (AC +10)))
You are immune to poison.
((Your large and strong wings let you fly indefinitely.))
You resist negative energy. (rN+)
((You are resistant to electric shocks. (rElec)))
((You can survive without breathing.))
You are immune to petrification.
You are immune to miasma.


Message History

Press: ? - help, Dir - move target A crystal wall.
The crystal wall shatters!
The blast of crystal shards hits the minotaur but does no damage.
The minotaur is severely wounded.
The minotaur throws a silver javelin.
The silver javelin pierces through you!
* * * LOW HITPOINT WARNING * * *
The silver sears you!
* * * LOW HITPOINT WARNING * * *
Casting: Lee's Rapid Deconstruction (safe; 1% risk of failure)
Confirm with . or Enter, or press ? or * to list all spells.
Aiming: Lee's Rapid Deconstruction (safe; 1% risk of failure)
Press: ? - help, Dir - move target A crystal wall.
The crystal wall shatters!
The blast of crystal shards hits the minotaur but does no damage.
The minotaur is severely wounded.
The minotaur throws a silver javelin.
The silver javelin pierces through you!!
You die...

.###########...###########..#8#
.......#©#.......#©#.....§..###
§......#.#..≈∩≈..#.#.......≈#
########.#########.##########
8# ≈§..............≈# #8# ##
8§8.8.8.8.8.8.8.8# ###
...............≈#
.#.#######(#.### #.(♣.#.#
#H##.#.# ..H..........#
.#..##'##..#.# # 8. #..#.# #..
#....# #8. #.8### #}. ## #8.


You could see a minotaur.

Vanquished Creatures
  4 hydras (Lair:3)
  A catoblepas (Lair:2)
  2 two-headed ogres
  A queen ant (Lair:2)
  A centaur warrior (D:9)
  4 death yaks (Lair:5)
  2 unseen horrors
  The ghost of koorschki the Conjurer, a novice GrCj of Vehumet (D:7)
  2 cyclopes
  7 black mambas
  A torpor snail (Lair:4)
  14 cane toads
  2 gargoyles
  5 rime drakes
  10 komodo dragons
  2 trolls (D:9)
  A tyrant leech (Gauntlet)
  10 blink frogs
  A wolf spider simulacrum (Gauntlet)
  A hornet (D:11)
  3 flying skulls (Gauntlet)
  2 centaur simulacra (Gauntlet)
  3 spriggans (Lair:5)
  58 yaks
  3 wyverns
  A redback (Lair:2)
  A wraith (D:11)
  A vampire (D:10)
  5 basilisks
  2 vampire mosquitoes (Lair:4)
  A steam dragon (D:9)
  4 wargs
  3 swamp worms (Gauntlet)
  5 soldier ants (Lair:2)
  10 water moccasins
  A hydra simulacrum (Gauntlet)
  3 orc warriors (D:9)
  4 black bears
  An ice beast (D:11)
  An eye of draining (D:11)
  3 sky beasts
  9 ogres
  4 necrophages (Lair:3)
  3 phantoms
  12 wolves
  A centaur (D:9)
  4 big kobolds
  12 bullfrogs
  A wyvern skeleton (D:10)
  3 scorpions
  8 killer bees
  10 wights
  7 howler monkeys
  3 electric eels
  2 centaur skeletons
  A crimson imp (D:6)
  2 centaur zombies
  10 hounds
  A quasit (D:11)
  A jelly (D:11)
  3 orc priests
  5 bullfrog skeletons
  12 orc wizards
  7 iguanas
  33 worker ants
  A hound skeleton (D:9)
  8 mummies (Ossuary)
  A howler monkey zombie (D:10)
  Robin (D:2)
  17 gnolls
  A howler monkey skeleton (D:11)
  2 worker ant zombies
  10 adders
  3 shadow imps
  3 white imps
  An ufetubus (D:6)
  2 oozes
  3 adder skeletons
  3 worms
  6 leopard geckos
  38 orcs
  7 bats
  4 giant cockroaches
  14 goblins
  6 hobgoblins
  14 jackals
  3 quokkas
  7 ball pythons
  5 frilled lizards
  3 hobgoblin zombies (Ossuary)
  32 kobolds
  3 kobold zombies (Ossuary)
  A leopard gecko skeleton (D:7)
  2 orc zombies (Ossuary)
  10 rats
552 creatures vanquished.

Vanquished Creatures (others)
  25 demonic plants (Gauntlet)
  17 fungi
  72 plants
114 creatures vanquished.

Grand Total: 666 creatures vanquished

Notes
Turn   | Place    | Note
-------+----------+-------------------------------------------
     0 | D:1      | Ethylacetat the Gargoyle Earth Elementalist began the quest
                  | for the Orb.
     0 | D:1      | Reached XP level 1. HP: 10/10 MP: 3/3
   206 | D:1      | Reached XP level 2. HP: 15/15 MP: 5/5
   340 | D:1      | Reached skill level 4 in Earth Magic
  1001 | D:2      | Reached XP level 3. HP: 19/19 MP: 6/6
  1080 | D:2      | Learned a level 3 spell: Stone Arrow
  1428 | D:2      | Reached XP level 4. HP: 18/24 MP: 8/8
  1490 | D:2      | Noticed Robin
  1512 | D:2      | Killed Robin
  1787 | D:3      | Reached XP level 5. HP: 26/28 MP: 10/10
  1795 | D:3      | Learned a level 5 spell: Lee's Rapid Deconstruction
  1810 | D:3      | Reached skill level 5 in Earth Magic
  2199 | D:3      | Reached XP level 6. HP: 32/32 MP: 12/12
  2555 | D:4      | Found a staircase to the Ecumenical Temple.
  2571 | Temple   | Entered the Ecumenical Temple
  2586 | Temple   | Became a worshipper of Vehumet
  2693 | D:4      | Found a faded altar of an unknown god.
  2693 | D:4      | Found a faded altar of an unknown god.
  2698 | D:4      | Found a shimmering altar of Xom.
  2700 | D:4      | Found an opulent altar of Gozag.
  2702 | D:4      | Found a blossoming altar of Fedhas.
  2918 | D:4      | Reached skill level 5 in Spellcasting
  3108 | D:5      | Entered Level 5 of the Dungeon
  3233 | D:5      | Found a glowing drain.
  3251 | D:5      | Reached skill level 6 in Earth Magic
  3257 | Sewer    | Entered a sewer
  3396 | Sewer    | Reached XP level 7. HP: 36/36 MP: 12/15
  3651 | Sewer    | Reached * piety under Vehumet
  3651 | Sewer    | Offered knowledge of Magic Dart by Vehumet.
  4398 | D:6      | Found a sand-covered staircase.
  4409 | D:6      | Reached skill level 7 in Earth Magic
  4411 | D:6      | Reached XP level 8. HP: 17/41 MP: 18/18
  4418 | Ossuary  | Entered an ossuary
  4650 | Ossuary  | Offered knowledge of Shock by Vehumet.
  4922 | Ossuary  | Reached ** piety under Vehumet
  5057 | D:6      | Found a sacrificial altar of Ru.
  5202 | D:6      | Reached skill level 8 in Earth Magic
  5250 | D:6      | Found a burning altar of Makhleb.
  5314 | D:6      | Reached XP level 9. HP: 14/45 MP: 20/21
  5578 | D:7      | Found a large runed translucent door.
  5578 | D:7      | Found a large runed translucent door.
  5579 | D:7      | Noticed koorschki's ghost (novice GrCj)
  5620 | D:7      | Offered knowledge of Mephitic Cloud by Vehumet.
  5737 | D:7      | Reached skill level 9 in Earth Magic
  5839 | D:7      | Found a hide-covered altar of Uskayaw.
  6079 | D:7      | Reached *** piety under Vehumet
  6154 | D:8      | Noticed a two-headed ogre
  6161 | D:8      | Killed a two-headed ogre
  6162 | D:8      | Reached skill level 10 in Earth Magic
  6448 | D:8      | Found a glowing silver altar of Zin.
  6918 | D:8      | Reached XP level 10. HP: 56/56 MP: 19/23
  7038 | D:8      | Found an ancient bone altar of Kikubaaqudgha.
  7142 | D:8      | Found a hazy altar of Hepliaklqana.
  7197 | D:8      | Got an iridescent trident
  7198 | D:8      | Identified the +10 trident "Jukhint" {flame, rElec Dex+6}
                  | (You found it on level 8 of the Dungeon)
  7345 | D:9      | Reached skill level 1 in Polearms
  7345 | D:9      | Reached skill level 11 in Earth Magic
  7360 | D:9      | Offered knowledge of Static Discharge by Vehumet.
  7554 | D:9      | Noticed a two-headed ogre
  7558 | D:9      | Killed a two-headed ogre
  7565 | D:9      | Reached skill level 10 in Spellcasting
  7592 | D:9      | Found a staircase to the Orcish Mines.
  7626 | D:9      | Reached skill level 5 in Fighting
  7816 | D:9      | Found a bloodstained altar of Trog.
  7822 | D:9      | Reached **** piety under Vehumet
  7889 | D:9      | Reached skill level 12 in Earth Magic
  7895 | D:9      | Offered knowledge of Lightning Bolt by Vehumet.
  7954 | D:9      | Reached XP level 11. HP: 51/64 MP: 2/25
  7972 | D:9      | Found a staircase to the Lair.
  8028 | D:9      | Learned a level 2 spell: Blink
  8242 | D:9      | Found a glowing golden altar of the Shining One.
  8541 | D:9      | Noticed a centaur warrior
  8547 | D:9      | Killed a centaur warrior
  8548 | D:9      | Reached skill level 1 in Conjurations
  8802 | D:9      | Identified the +2 glaive "Dassiyq" {freeze, +Rage +Fly rN+}
  8879 | D:9      | Killed an unseen horror
  8956 | D:10     | Entered Level 10 of the Dungeon
  9031 | D:10     | Reached skill level 13 in Earth Magic
  9345 | D:10     | Noticed a cyclops
  9349 | D:10     | Killed a cyclops
  9389 | D:10     | Reached ***** piety under Vehumet
  9404 | D:10     | Offered knowledge of Freezing Cloud by Vehumet.
 10308 | D:10     | Killed an unseen horror
 10309 | D:10     | Reached skill level 5 in Polearms
 10309 | D:10     | Reached XP level 12. HP: 66/72 MP: 26/26
 10432 | D:11     | Got an ancient robe
 10443 | D:11     | Identified the +2 robe of the Ninety-Nine Coins {rCorr}
                  | (You found it on level 11 of the Dungeon)
 10681 | D:11     | Reached skill level 14 in Earth Magic
 11053 | D:11     | Got a polished longbow
 11054 | D:11     | Identified the cursed +0 longbow "Lyczuriq" {freeze, Int+4
                  | Dex+6} (You found it on level 11 of the Dungeon)
 11117 | D:11     | Found a shadowy altar of Dithmenos.
 11181 | D:11     | Offered knowledge of Eringya's Noxious Bog by Vehumet.
 11530 | D:11     | Reached skill level 5 in Conjurations
 11932 | D:7      | Killed koorschki's ghost
 12280 | Lair:1   | Entered Level 1 of the Lair of Beasts
 13327 | Lair:1   | Reached skill level 15 in Earth Magic
 13703 | Lair:2   | Reached XP level 13. HP: 79/79 MP: 26/28
 13972 | Lair:2   | Found a hole to the Spider Nest.
 14437 | Lair:2   | HP: 2/80 [queen ant (9)]
 15480 | Lair:3   | Offered knowledge of Conjure Ball Lightning by Vehumet.
 15691 | Lair:3   | Reached skill level 16 in Earth Magic
 17605 | Lair:4   | Reached skill level 10 in Fighting
 17757 | Lair:4   | Gained mutation: Your large and strong wings let you fly
                  | indefinitely. [Gargoyle growth]
 17757 | Lair:4   | Reached XP level 14. HP: 82/88 MP: 30/30
 18106 | Lair:4   | Found a staircase to the Swamp.
 18554 | Lair:5   | Reached skill level 17 in Earth Magic
 19145 | Lair:5   | Found a staircase to the Slime Pits.
 19148 | Lair:5   | Found a viscous altar of Jiyva.
 19467 | Lair:6   | Entered Level 6 of the Lair of Beasts
 19517 | Lair:6   | Found a gate leading to a gauntlet.
 19527 | Gauntlet | Entered a Gauntlet
 19527 | Gauntlet | Found a transporter.
 19527 | Gauntlet | Found a transporter.
 19834 | Gauntlet | Found a transporter.
 19834 | Gauntlet | Found a transporter.
 19843 | Gauntlet | Found a transporter.
 19845 | Gauntlet | Found a large runed translucent door.
 19846 | Gauntlet | Found a large runed translucent door.
 19847 | Gauntlet | Found a large runed translucent door.
 19847 | Gauntlet | Found a large runed translucent door.
 19847 | Gauntlet | Found a large runed translucent door.
 19848 | Gauntlet | Found a runed translucent door.
 19860 | Gauntlet | Found a transporter.
 19861 | Gauntlet | Found the cursed necklace of Bloodlust {*Rage +Rage Will++
                  | Int-3 Slay+6 *Curse}
 19870 | Gauntlet | Found a transporter.
 19870 | Gauntlet | Found a transporter.
 19875 | Gauntlet | Found a transporter.
 19875 | Gauntlet | Found a large runed translucent door.
 19876 | Gauntlet | Found a large runed translucent door.
 19878 | Gauntlet | Found a runed translucent gate.
 19906 | Gauntlet | Found a transporter.
 19913 | Gauntlet | Found a transporter.
 19939 | Gauntlet | Found a transporter.
 19985 | Gauntlet | Found a transporter.
 19987 | Gauntlet | Found a large runed translucent door.
 19988 | Gauntlet | Found a large runed translucent door.
 19989 | Gauntlet | Found a runed translucent door.
 19989 | Gauntlet | Found a large runed translucent door.
 19989 | Gauntlet | Found a large runed translucent door.
 19990 | Gauntlet | Found a large runed translucent door.
 19994 | Gauntlet | Found a large runed translucent door.
 19994 | Gauntlet | Found a large runed translucent door.
 19995 | Gauntlet | Found a large runed translucent door.
 19995 | Gauntlet | Found a large runed translucent door.
 19998 | Gauntlet | Found a runed translucent gate.
 19998 | Gauntlet | Found a runed translucent gate.
 20000 | Gauntlet | Found a transporter.
 20105 | Gauntlet | Found a transporter.
 20127 | Gauntlet | Found a transporter.
 20376 | Gauntlet | Got a pair of faintly glowing boots
 20384 | Gauntlet | Identified the +1 pair of boots of Impermeability {Dex+5}
                  | (You found it in a Gauntlet)
 20538 | Gauntlet | Got a shimmering bronze ring
 20540 | Gauntlet | Identified the ring of Fakhlaer {*Tele Int+2} (You found it
                  | in a Gauntlet)
 20558 | Gauntlet | Identified the +10 chain mail "Rirus" {rElec rF++ Str+4}
 20576 | Gauntlet | Hit by a silver javelin thrown by a minotaur

Illustrated notes

Levels and vault maps discovered:
D:1:      dpeg_arrival_tiny_a, layout_basic, palyth_stone_intersect
D:2:      layout_loops_cross, uniq_robin
D:3:      layout_basic, chequers_serial_rivers_small_3
D:4:      layout_gridville, chequers_temple_overflow_minitemple,
          minmay_temple_entry_offerings
D:5:      layout_layer_cave, cheibrodos_sewer_entry_sluice
D:6:      minmay_flawed_box, layout_cave_pools, makhleb_grotto_becter,
          nicolae_ru_awakened_eye, lightli_ossuary_entry_decrepit_ruins
D:7:      layout_rooms, old_standard_altar, ebering_ghost_disaster_area
D:8:      layout_basic, zin_scriptorium, kennysheep_mini, lemuel_doored_altar
D:9:      minmay_the_grid_octo_triangle [minmay_the_grid_octo_pinwheel,
          minmay_the_grid_octo_prize_single_spiral, minmay_the_grid_octo_chip],
          layout_rooms, lemuel_round_altar, erik_lair_dragon,
          minmay_orc_entry_guard_dogs, trog_butcher_becter
D:10:     layout_gridville, serial_bayou_lake_a
D:11:     layout_loops_ring, chequers_serial_rivers_micro_a,
          nicolae_dithmenos_shadow_blocks
Temple:   nicolae_temple_hex_pool
Lair:1:   beast_lair_carwin_large_3, layout_gridlike, lemuel_fruit_fields
Lair:2:   layout_chaotic_city, spider_nest_entry_a, zaba_antful_of_joy,
          grunt_megastairs_1
Lair:3:   layout_regular_city, roderic_carrion_pond, lemuel_fruit_tree,
          serial_bayou_shore_a, lemuel_fruit_fields,
          infiniplex_staircase_pool_2, grunt_megastairs_2
Lair:4:   layout_hall_layers, minmay_swamp_entry_swarm, minmay_holes
Lair:5:   layout_regular_city, slime_altar_1, wad_woods_02
Lair:6:   minmay_lair_end_enchanted_forest, layout_regular_city,
          gauntlet_entry_generic
Gauntlet: gammafunk_gauntlet_branching [gammafunk_gauntlet_arena_spirals,
          gammafunk_gauntlet_arena_teeth, gammafunk_gauntlet_arena_split_x,
          nicolae_gauntlet_swirl, gammafunk_gauntlet_arena_hedges,
          minmay_gauntlet_arena_make_your_own_arena,
          nicolae_gauntlet_arena_quarters, nicolae_gauntlet_arena_flowing_pool,
          nicolae_gauntlet_exit_dead_adventurers]

Skill      XL: |  1  2  3  4  5  6  7  8  9 10 11 12 13 14 |
---------------+-------------------------------------------+-----
Earth Magic    | 4 5 6 7 8 10 12 13 15 16 17 | 17.5
Spellcasting   | 3 4 5 6 8 9 10 11 12 | 12.5
Fighting       | 3 5 7 8 10 | 10.0
Polearms       | 3 5 6 |  6.0
Conjurations   | 3 6 8 9 |  9.0
Dodging        | |  1.7
Stealth        | |  2.1
Transmutations | |  0.7

Action                   |  1- 3 |  4- 6 |  7- 9 | 10-12 | 13-15 || total
-------------------------+-------+-------+-------+-------+-------++-------
Melee: Unarmed           |    22 |       |       |       |       ||    22
       Club              |   111 |   119 |   253 |       |       ||   483
       Trident           |       |       |       |   320 |   247 ||   567
 Cast: Sandblast         |    26 |    74 |   112 |     5 |     3 ||   220
       Stone Arrow       |       |    17 |    36 |    68 |    44 ||   165
       Lee's Rapid Decon |       |     1 |    21 |   111 |    98 ||   231
       Blink             |       |       |       |     4 |     1 ||     5
 Abil: Fly               |       |       |       |       |     1 ||     1
Evoke: Wand              |       |       |     3 |     2 |     5 ||    10
  Use: Scroll            |     4 |     4 |     4 |     9 |     3 ||    24
       Potion            |       |       |     2 |     4 |     7 ||    13
 Stab: Sleeping          |     1 |       |       |     3 |     2 ||     6
       Distracted        |       |       |       |     2 |       ||     2
       Petrified         |       |       |       |       |     5 ||     5
Armor: Robe              |    72 |    63 |    44 |    94 |    85 ||   358
       Scale mail        |       |       |   155 |       |       ||   155
       Skin              |       |       |       |    31 |     1 ||    32
Dodge: Dodged            |   131 |    96 |   150 |   160 |   138 ||   675
